 Dungeon Crawl Stone Soup version 0.20.0-10-g0535bb4 (webtiles) character file.

179 Gorglomux the Conjurer (level 5, -2/28 HPs)
             Began as a Tengu Fire Elementalist on June 4, 2017.
             Was an Initiate of Vehumet.
             Killed from afar by an electric eel (12 damage)
             ... with a bolt of electricity
             ... on level 3 of the Dungeon.
             The game lasted 00:04:34 (3699 turns).

Gorglomux the Conjurer (Tengu Fire Elementalist)    Turns: 3699, Time: 00:04:35

Health: -2/28      AC:  2    Str:  8    XL:     5   Next: 59%
Magic:  10/10      EV: 13    Int: 16    God:    Vehumet [......]
Gold:   176        SH:  0    Dex: 15    Spells: 0/10 levels left

rFire    . . .     SeeInvis .   x - +0 whip
rCold    . . .     Gourm    .   (no shield)
rNeg     . . .     Faith    .   a - +0 robe
rPois    +         Spirit   .   (helmet restricted)
rElec    .         Reflect  .   (no cloak)
rCorr    .         Harm     .   (no gloves)
MR       .....                  (boots unavailable)
Stlth    +.........             (no amulet)
Regen    0.1/turn               o - ring of poison resistance
MPRegen  0.2/turn               (no ring)

@: very slow
A: beak, talons 3, able to fly 1
a: Fly, Renounce Religion


You were on level 3 of the Dungeon.
You worshipped Vehumet.
Vehumet was noncommittal.
You were very hungry.

You visited 1 branch of the dungeon, and saw 3 of its levels.

You collected 176 gold pieces.

Inventory:

Hand Weapons
 x - a +0 whip (weapon)
Armour
 a - a +0 robe (worn)
Jewellery
 o - a ring of poison resistance (left hand)
Scrolls
 d - a scroll of amnesia {unknown}
 e - a scroll of recharging {unknown}
 q - a scroll of random uselessness {unknown}
 r - 4 scrolls of identify {unknown}
 u - 2 scrolls of vulnerability {unknown}
 v - a scroll of fog {unknown}
 y - a scroll of blinking {unknown}
 B - a scroll of enchant weapon {unknown}
Potions
 g - 2 potions of might {unknown}
 s - a potion of mutation {unknown}
 t - 2 potions of heal wounds {unknown}
 z - a potion of invisibility {unknown}
Books
 b - a book of Flames

   Spells                             Type                      Level
   a - Flame Tongue                   Conjuration/Fire             1
   b - Throw Flame                    Conjuration/Fire             2
   c - Conjure Flame                  Conjuration/Fire             3
   d - Inner Flame                    Hexes/Fire                   3
   e - Sticky Flame                   Conjuration/Fire             4
   f - Fireball                       Conjuration/Fire             5
Comestibles
 c - 6 bread rations


   Skills:
 - Level 2.1 Dodging
 - Level 2.0 Stealth
 + Level 3.0 Spellcasting
 + Level 5.6 Conjurations
 + Level 3.8 Fire Magic


You couldn't memorise any spells.
You knew the following spells:

 Your Spells              Type           Power        Failure   Level  Hunger
a - Flame Tongue          Conj/Fire      ###..        2%          1    #......
b - Sticky Flame          Conj/Fire      ###.....     26%         4    #####..
c - Throw Flame           Conj/Fire      ###...       4%          2    ##.....
j - Conjure Flame         Conj/Fire      ###.....     8%          3    ###....


Dungeon Overview and Level Annotations

Branches:
Dungeon (3/15)

Altars:
Ashenzari
Cheibriados
Hepliaklqana
Okawaru
Qazlal
Vehumet
Xom

Annotations:
D:3 1 transporter


Innate Abilities, Weirdness & Mutations

You have a beak for a mouth.
You have claws for feet.
You can fly.


Message History

The electric eel shoots out a bolt of lightning at you!
The bolt of electricity hits you! x2
You close the door.
You enter the shallow water.
Moving in this stuff is going to be slow.
You start resting.
You are feeling very hungry.
You start resting.
HP restored.
Memorise Throw Flame, consuming 2 spell levels and leaving 0?
You start memorising the spell.
You continue memorising. x2
You finish memorising.
Spell assigned to 'c'.
As you open the door, it creaks loudly!
The electric eel shoots out a bolt of lightning at you!
The bolt of electricity hits you!
You enter the shallow water.
Moving in this stuff is going to be slow.
The electric eel shoots out a bolt of lightning at you!
The bolt of electricity hits you! x2
You die...

... ..# ##'##
#..##.#####...#########
#...#..............÷..## ##
....###############..## #..
#..#8P#;≈≈≈≈≈≈#P8#....
#..##..#..#.......#..#....
###....©#./'...⌠...+?©#....
.......g#..#.......#?.#....
#####.#.#8@#;;≈≈≈≈≈#P8#....
#$#.###############.... #
#....................
########.#####.......
##.#########.##
#........###.#
#............#
.........##### ##........#


You could see 3 electric eels and a hobgoblin.

Vanquished Creatures
  An orc wizard (D:2)
  3 gnolls
  5 adders
  2 worms (D:3)
  3 dart slugs
  5 leopard geckos
  7 orcs
  4 bats
  A giant cockroach (D:2)
  10 goblins
  2 hobgoblins (D:1)
  4 jackals (D:3)
  6 kobolds
  5 rats
  A plant (D:3)
59 creatures vanquished.

Notes
Turn   | Place    | Note
-------+----------+-------------------------------------------
     0 | D:1      | Gorglomux the Tengu Fire Elementalist began the quest for the Orb.
     0 | D:1      | Reached XP level 1. HP: 10/10 MP: 4/4
   120 | D:1      | Reached skill level 2 in Conjurations
   265 | D:1      | Reached XP level 2. HP: 15/15 MP: 4/6
   334 | D:1      | Reached skill level 3 in Conjurations
   969 | D:2      | Reached XP level 3. HP: 19/19 MP: 1/7
  1147 | D:2      | Reached skill level 4 in Conjurations
  1459 | D:2      | Reached XP level 4. HP: 17/24 MP: 4/8
  1496 | D:2      | Found a shimmering altar of Xom.
  1602 | D:2      | Learned a level 4 spell: Sticky Flame
  1621 | D:2      | Reached skill level 5 in Conjurations
  2229 | D:2      | Gained mutation: You can fly. [Tengu growth]
  2229 | D:2      | Reached XP level 5. HP: 28/28 MP: 5/9
  2275 | D:2      | Learned a level 3 spell: Conjure Flame
  2402 | D:3      | Found a snail-covered altar of Cheibriados.
  2744 | D:3      | Found an iron altar of Okawaru.
  2744 | D:3      | Found a shattered altar of Ashenzari.
  2745 | D:3      | Found a stormy altar of Qazlal.
  2746 | D:3      | Found a hazy altar of Hepliaklqana.
  2747 | D:3      | Found a radiant altar of Vehumet.
  2760 | D:3      | Became a worshipper of Vehumet
  2775 | D:3      | Found a transporter.
  3178 | D:3      | Found a transporter.
  3210 | D:3      | Reached skill level 3 in Spellcasting
  3697 | D:3      | Learned a level 2 spell: Throw Flame
  3699 | D:3      | Killed from afar by an electric eel

Skill      XL: |  1  2  3  4  5 |
---------------+----------------+-----
Conjurations   | 2 3 4 5 |  5.6
Spellcasting   | 3 |  3.0
Dodging        | |  2.1
Stealth        | |  2.0
Fire Magic     | |  3.8

Action                   |  1- 3 |  4- 6 || total
-------------------------+-------+-------++-------
Melee: Unarmed           |     6 |       ||     6
       Kick              |     3 |    20 ||    23
       Whip              |     7 |    54 ||    61
       Peck              |       |     9 ||     9
 Cast: Flame Tongue      |    53 |    62 ||   115
       Conjure Flame     |       |     1 ||     1
 Stab: Sleeping          |     2 |       ||     2
  Eat: Chunk             |     3 |     6 ||     9
Armor: Robe              |    15 |     4 ||    19
Dodge: Dodged            |    21 |    31 ||    52
